 Dungeon Crawl Stone Soup version 0.31-a0-875-g02e7d12df6 (webtiles) character file.

Game seed: 1060323448727864636

176268 Xavori the Unseen (level 18, 0/126 HPs)
             Began as an Octopode Chaos Knight on Oct 12, 2023.
             Was a Plaything of Xom.
             Slain by a naga
             ... wielding a +0 glaive
              (24 damage)
             ... on level 4 of the Snake Pit.
             The game lasted 01:07:51 (43126 turns).

Xavori the Unseen (Octopode Chaos Knight)          Turns: 43126, Time: 01:07:51

Health: 0/126      AC:  9    Str: 12    XL:     18   Next: 12%
Magic:  27/27      EV: 32    Int: 27    God:    Xom [.*....]
Gold:   1666       SH: 19    Dex: 22    Spells: 15/17 levels left

rFire   + + .        r - +9 quick blade (vamp)
rCold   + + .        G - +0 kite shield
rNeg    . . .        v - +2 hat {Int+3}
rPois   +            U - amulet of reflection
rElec   .            g - ring of magical power
rCorr   .            j - +6 ring of intelligence
SInv    +            Y - +5 ring of evasion
Will    +++..        u - ring of willpower
Stlth   +++++++++    C - ring "Epsid" {Ice rPois Will+ Str+3 Stlth+}
HPRegen 0.41/turn    S - ring of poison resistance
MPRegen 0.20/turn    W - +5 ring of evasion
                     z - ring of protection from fire

%: reflection
@: lethally poisoned (0 -> -1), cleaving, hasted, very quick
A: almost no armour, amphibious, 8 rings, camouflage 1, gelatinous body 1,
(nimble swimmer 1), tentacles, tentacle spike 1, iridescent scales 3, see
invisible, agile 1, clever 1, cold resistance 1, fire resistance 2, passive
freeze, sense surroundings 1, wild magic 1
a: Renounce Religion


You were on level 4 of the Snake Pit.
You worshipped Xom.
You were a plaything of Xom.
You visited 5 branches of the dungeon, and saw 28 of its levels.
You visited 1 bazaar.
You also visited: Ossuary.

You collected 4099 gold pieces.
You spent 2433 gold pieces at shops.

Inventory:

Hand Weapons
 k - the +9 executioner's axe "Cezakh" {vamp, rC+}
   (Xom gifted it to you on level 1 of the Dungeon)

   rC+:       It protects you from cold.
 r - a +9 vampiric quick blade (weapon)
 O - the +10 dark maul {heavy}
   (You took it off a two-headed ogre on level 8 of the Dungeon)
 T - the +1 quick blade "Telyrch" {freeze, Str+6}
   (You acquired it on level 11 of the Dungeon)

   Str+6:     It affects your strength (+6).
Armour
 v - a +2 hat of intelligence (worn)
 G - a +0 kite shield (worn)
Jewellery
 g - a ring of magical power (left tentacle)
 j - a +6 ring of intelligence (right tentacle)
 m - a ring of flight
 u - a ring of willpower (on tentacle)
 x - a ring of magical power
 y - an amulet of regeneration
 z - a ring of protection from fire (on tentacle)
 C - the ring "Epsid" (on tentacle) {Ice rPois Will+ Str+3 Stlth+}
   (You found it on level 5 of the Dungeon)

   [ring of ice]

   Ice:       It enhances your ice magic.
   Str+3:     It affects your strength (+3).
   rF-:       It makes you vulnerable to fire.
   rC+:       It protects you from cold.
   rPois:     It protects you from poison Will+: It increases your willpower.
   Stlth+:    It makes you more stealthy.
 S - a ring of poison resistance (on tentacle)
 U - an amulet of reflection (around mantle)
 W - a +5 ring of evasion (on tentacle)
 Y - a +5 ring of evasion (on tentacle)
Talismans
 V - a granite talisman
Wands
 F - a wand of charming (20)
 L - a wand of flame (34)
 P - a wand of mindburst (10)
 Q - a wand of acid (1)
 R - a wand of roots (25)
Scrolls
 b - 4 scrolls of butterflies
 e - 11 scrolls of identify
 h - 8 scrolls of immolation
 i - 15 scrolls of teleportation
 s - 3 scrolls of revelation
 B - 4 scrolls of fear
 E - 2 scrolls of fog
 H - 8 scrolls of poison
 I - a scroll of enchant weapon
 K - 5 scrolls of enchant armour
 M - a scroll of blinking
 N - a scroll of silence
 X - 3 scrolls of vulnerability
 Z - 2 scrolls of amnesia
Potions
 a - 2 potions of enlightenment
 c - 13 potions of curing
 d - a potion of ambrosia {unknown}
 f - 3 potions of cancellation
 l - 4 potions of might
 n - 2 potions of mutation
 o - a potion of berserk rage
 p - a potion of attraction {unknown}
 q - 3 potions of magic
 t - 4 potions of brilliance
 w - 3 potions of resistance
 A - 2 potions of haste
 D - 3 potions of heal wounds
 J - 3 potions of invisibility


   Skills:
 + Level 11.8 Fighting
 + Level 14.6 Short Blades
 - Level 1.5 Axes
 - Level 12.3 Dodging
 - Level 18.8 Stealth
 - Level 13.8 Shields
 - Level 11.7 Evocations
 * Level 10.5 Shapeshifting


You had 15 spell levels left.
You knew the following spells:

 Your Spells              Type           Power      Damage    Failure   Level
a - Blink                 Tloc           0%         N/A       45%         2

Your spell library contained the following spells:

 Spells                   Type           Power      Damage    Failure   Level
 Kiss of Death            Conj/Necr      0%         2d5       32%         1
 Magic Dart               Conj           0%         1d3       32%         1
 Sting                    Tmut/Pois      0%         1d3       32%         1
 Summon Small Mammal      Summ           0%         N/A       32%         1
 Ensorcelled Hibernation  Hex/Ice        0%         N/A       45%         2
 Jinxbite                 Hex            0%         N/A       45%         2
 Lesser Beckoning         Tloc           0%         N/A       45%         2
 Momentum Strike          Conj/Tloc      0%         3d8       45%         2
 Poisonous Vapours        Pois/Air       0%         N/A       45%         2
 Searing Ray              Conj           0%         2d4       45%         2
 Sublimation of Blood     Necr           0%         N/A       45%         2
 Call Canine Familiar     Summ           0%         N/A       67%         3
 Confusing Touch          Hex            0%         N/A       67%         3
 Inner Flame              Hex/Fire       0%         N/A       67%         3
 Stone Arrow              Conj/Erth      0%         3d7       67%         3
 Summon Guardian Golem    Hex/Summ       0%         N/A       67%         3
 Volatile Blastmotes      Fire/Tloc      0%         2d10      67%         3
 Anguish                  Hex/Necr       0%         N/A       96%         4
 Animate Dead             Necr           0%         N/A       96%         4
 Dispel Undead            Necr           0%         3d6       96%         4
 Fulminant Prism          Conj/Hex       0%         3d5       96%         4
 Iskenderun's Mystic Bla  Conj/Tloc      0%         2d3       96%         4
 Olgreb's Toxic Radiance  Pois           0%         N/A       96%         4
 Summon Lightning Spire   Summ/Air       0%         N/A       96%         4
 Borgnjor's Vile Clutch   Necr/Erth      0%         N/A       100%        5
 Lee's Rapid Deconstruct  Erth           0%         3d4*      100%        5
 Yara's Violent Unravell  Hex/Tmut       0%         3d3       100%        5
 Enfeeble                 Hex            0%         N/A       100%        7
 Lehudib's Crystal Spear  Conj/Erth      0%         10d2      100%        8
 Animate Armour           Summ/Erth      Unusable   N/A       N/A         4

Dungeon Overview and Level Annotations

Branches:
Dungeon (15/15)            Temple (0/1) D:7            Lair (5/5) D:8
 Shoals (0/4) Lair:2        Snake (4/4) Lair:3        Slime (0/5) Lair:4
    Orc (2/2) D:10            Elf (2/3) Orc:2        Vaults (0/5) D:13
 Depths (0/4) D:15        Ossuary (visited)

Altars:
Dithmenos
Kikubaaqudgha
Makhleb
Okawaru
Qazlal
Ru
Vehumet
Xom
Zin
The Shining One
Jiyva

Shops:
D:1 =   D:6 ?   D:9 =   Orc:2 :[*(   Elf:1 *   Elf:2 [

Annotations:
D:2 1 runed translucent door, Crazy Yiuf
D:13 2 runed translucent doors, 6 transporters, Ithuta Obua's ghost, journeyman MiBe
Lair:4 exclusion: 3 oklob plants
Lair:5 3 runed translucent doors, GigaChad's ghost, journeyman KoFi
Elf:2 2 transporters, Icanweding's ghost, adept DsGl


Innate Abilities, Weirdness & Mutations

You cannot wear most types of armour.
You are amphibious.
You can wear up to eight rings at the same time.
Your skin changes colour to match your surroundings (Stealth+).
Your rubbery body absorbs attacks. (AC +1, EV +1)
((You are camouflaged when in or above water. (Stealth+)))
You have tentacles for arms and can constrict up to eight enemies at once.
One of your tentacles bears a spike.
You are completely covered in iridescent scales. (AC +6)
You have supernaturally acute eyesight. (SInv)
You are agile. (Dex +4, Str/Int -1)
Your mind is acute. (Int +4, Str/Dex -1)
Your flesh is cold resistant. (rC+)
Your flesh is very heat resistant. (rF++)
A frigid envelope surrounds you and freezes all who hurt you.
You passively map a small area around you.
Your spells are a little harder to cast, but a little more powerful.


Message History

You feel sick.
Your naga mage hits the nagaraja with a +0 club.
Your naga mage constricts the nagaraja.
The nagaraja struggles to escape constriction.
You feel sick.
Your naga mage hits the nagaraja with a +0 club.
Your naga mage constricts the nagaraja.
You block the salamander's attack.
Your naga mage points at the nagaraja and mumbles some strange words.
The bolt of poison hits the nagaraja!
Your naga mage constricts the nagaraja.
You hit the salamander. Your grab misses the salamander.
You pierce the salamander.
You barely miss the salamander. You grab the salamander.
You squeeze the salamander!
The salamander is moderately wounded.
You constrict the salamander.
The nagaraja struggles to escape constriction.
The naga misses you.
You puncture the salamander!
You pierce the salamander, but do no damage.
You hit the salamander.
You pierce the salamander.
The salamander is heavily wounded.
You constrict the salamander.
Your naga mage spits poison at the nagaraja.
The splash of poison hits the nagaraja but does no damage.
Your naga mage constricts the nagaraja.
The salamander hits you with a +0 halberd!
* * * LOW HITPOINT WARNING * * *
You are engulfed in flames.
You resist.
* * * LOW HITPOINT WARNING * * *
You puncture the salamander!
You feel better.
You pierce the salamander, but do no damage.
You squeeze the salamander! You puncture the salamander!
You squeeze the salamander, but do no damage.
The salamander is almost dead.
You constrict the salamander.
You kill the salamander!
You feel sick.
Your naga mage hits the nagaraja with a +0 club!
Your naga mage constricts the nagaraja.
The naga hits you from afar with a +0 glaive!!
You die...

,* *** , #.......##..#
** ,,, ,,######..##..#
, , ,,**, * #..##...#
,,, ,,,, *,, *
##N.###..## , ,*** ,,,
* ,##NN.###...# **,,,
* #.=.###....# ,
,,,**,,, ,,
#N.####....# **,,, ,
,, *,,,#)####..).##
*,,, ,,*, , ,#@#
#.....#
,,,,,,**,,,#.####....#
,,,,,, ,*, ,##..#
##†..#
,,,,,,,**,,,#...#
#...# , *,,,, *
,##...# ##..## , , **
* , ,#....###...# , ,
, ,,,,, ##.....#....#
,,,,,,, #..........##
* , , , *##.........#


You could see a nagaraja (distracted, ally target), 2 nagas and a friendly naga
mage (charmed, fast, catching breath).

Vanquished Creatures
  Mara (Snake:3)
  Vashnia (Snake:3)
  Jorgrun (D:14)
  Gastronok (Lair:1)
  Roxanne (Elf:1)
  6 nagarajas
  A frost giant (D:15)
  An orc warlord (Orc:2)
  Azrael (Snake:3)
  A minotaur (D:13)
  2 deep elf death magi (Elf:1)
  An entropy weaver (shapeshifter) (Orc:2)
  Josephine (Lair:3)
  3 hydras
  A vault guard (D:13)
  4 boulder beetles
  An alligator snapping turtle (Elf:1)
  8 anacondas
  4 centaur warriors
  10 two-headed ogres
  10 naga warriors
  A death knight (D:13)
  11 dancing weapons
  5 tengu warriors
  3 death yaks (Lair:4)
  9 naga sharpshooters
  4 orc high priests (Orc:2)
  3 skysharks
  4 shock serpents
  A fire crab (D:8)
  A skeletal warrior (D:15)
  Amaemon (D:8)
  2 salamander mystics
  7 deep elf knights
  5 sea snakes (Snake:4)
  A glowing orange brain (D:14)
  6 naga ritualists
  6 orc knights
  9 mana vipers
  2 necromancers (Elf:1)
  A wizard (D:14)
  17 deep elf pyromancers
  8 deep elf zephyrmancers
  4 orc sorcerers
  10 salamanders
  7 ugly things
  2 cyclopes
  3 manticores
  18 elephants
  5 guardian serpents
  43 black mambas
  An elephant (shapeshifter) (D:13)
  2 gargoyles (D:12)
  17 cane toads
  Psyche (D:8)
  2 unseen horrors (D:10)
  15 naga magi
  An orange demon (D:8)
  2 freezing wraiths
  A tengu conjurer (D:13)
  4 rime drakes
  9 komodo dragons
  An efreet (D:14)
  7 trolls
  4 polar bears
  4 large abominations (Elf:1)
  2 hornets (Lair:5)
  A raiju (D:10)
  A snapping turtle (Lair:2)
  A centaur simulacrum (D:14)
  A spriggan (shapeshifter) (D:13)
  5 wraiths
  2 shadows
  An air elemental (Elf:1)
  15 slime creatures
  2 water elementals
  A yak (shapeshifter) (Lair:5)
  A vampire (D:7)
  29 yaks
  7 wyverns
  4 hogs (Elf:1)
  A basilisk (Lair:2)
  5 fire elementals
  A redback (Lair:5)
  11 vampire mosquitoes
  3 steam dragons
  2 wargs
  2 acid dragons
  23 nagas
  27 water moccasins
  A floating eye (Lair:4)
  2 hell hounds (Snake:3)
  20 orc warriors
  Duvessa (D:7)
  An ice beast (D:8)
  3 ogres
  5 wolves (Lair:5)
  14 centaurs
  A phantom (D:7)
  3 kobold brigands
  10 bullfrogs
  A scorpion (D:5)
  5 elf zombies (Elf:1)
  4 earth elementals
  A gnoll sergeant (D:5)
  Dowan (D:7)
  3 killer bees (D:9)
  2 howler monkeys (D:9)
  8 electric eels
  A lava snake (D:11)
  3 centaur zombies (Ossuary)
  6 hounds
  3 jellies
  7 orc priests
  2 gnoll boudas
  Jessica (D:2)
  3 sleepcaps
  8 iguanas
  14 orc wizards
  6 mummies (Ossuary)
  Robin (D:2)
  14 gnolls
  10 adders
  3 white imps
  2 ufetubi
  A worm (D:3)
  A dart slug (D:1)
  57 orcs
  2 ball pythons
  6 bats
  7 endoplasms
  7 giant cockroaches
  15 goblins
  14 hobgoblins
  8 jackals
  2 quokkas
  9 frilled lizards
  5 hobgoblin zombies (Ossuary)
  18 kobolds
  2 rats (D:1)
802 creatures vanquished.

Vanquished Creatures (collateral kills)
  A two-headed ogre (D:13)
  A naga sharpshooter (Snake:1)
  4 elephants (Lair:3)
  A naga (Snake:1)
  An ice beast (D:5)
  2 centaurs (D:13)
10 creatures vanquished.

Vanquished Creatures (others)
  Nessos (Lair:3)
  A naga sharpshooter (Snake:3)
  A deep elf knight (Elf:1)
  A cyclops (D:12)
  A naga (Snake:1)
  An orc priest (Orc:1)
  An orc (Orc:2)
7 creatures vanquished.

Grand Total: 819 creatures vanquished

Notes
Turn   | Place    | Note
-------+----------+-------------------------------------------
     0 | D:1      | Xavori the Octopode Chaos Knight began the quest for the
                  | Orb.
     0 | D:1      | Reached XP level 1. HP: 16/16 MP: 1/1
   117 | D:1      | Found Xiudig's Jewellery Boutique.
   153 | D:1      | Reached XP level 2. HP: 17/21 MP: 2/2
   354 | D:1      | XOM: butterfly on damage
   562 | D:1      | Reached XP level 3. HP: 24/26 MP: 3/3
   790 | D:2      | Found a radiant altar of Vehumet.
  1900 | D:1      | XOM: silly message
  2188 | D:1      | XOM: summons 4 hostile shadow creatures
  2649 | D:1      | XOM: god gift: 4 stones
  2662 | D:1      | XOM: summons 1 hostile shadow creature
  2893 | D:2      | XOM: cloud trail
  4152 | D:1      | XOM: cloud trail
  4386 | D:1      | XOM is BORED!
  4386 | D:1      | XOM: torment (15/27 hp)
  4532 | D:1      | XOM: god gift: 19 gold pieces
  5443 | D:1      | XOM: give mutation
  5443 | D:1      | Gained mutation: Your spells are a little harder to cast,
                  | but a little more powerful. [Xom's grace]
  5694 | D:1      | XOM: scenery: summon butterflies
  6625 | D:1      | XOM: give mutations
  6625 | D:1      | Gained mutation: A frigid envelope surrounds you and
                  | freezes all who hurt you. [Xom's mischief]
  6625 | D:1      | Lost mutation: Your spells are a little harder to cast, but
                  | a little more powerful. [Xom's mischief]
  6625 | D:1      | Gained mutation: You passively map a small area around you.
                  | [Xom's mischief]
  6928 | D:1      | Identified the +9 executioner's axe "Cezakh" {vamp, rC+}
                  | (Xom gifted it to you on level 1 of the Dungeon)
  6928 | D:1      | XOM: god gift: +9 executioner's axe "Cezakh" {vamp, rC+}
  7005 | D:2      | Reached skill level 1 in Stealth
  7052 | D:2      | XOM: cloud trail
  7077 | D:2      | Noticed Jessica
  7088 | D:2      | Killed Jessica
  7089 | D:2      | Reached skill level 2 in Stealth
  7089 | D:2      | Reached XP level 4. HP: 12/33 MP: 4/4
  7331 | D:2      | XOM: god gift: curare-tipped dart
  7344 | D:2      | XOM: god gift: 46 gold pieces
  7366 | D:2      | XOM: give mutations
  7366 | D:2      | Gained mutation: Your flesh is cold resistant. (rC+) [Xom's
                  | grace]
  7366 | D:2      | Gained mutation: You have a pair of small antennae on your
                  | head. [Xom's grace]
  7501 | D:2      | Found a faded altar of an unknown god.
  7553 | D:2      | Noticed Robin
  7562 | D:2      | Reached skill level 1 in Axes
  7567 | D:2      | Killed Robin
  7618 | D:2      | XOM: polymorph dart slug -> jackal
  7644 | D:2      | XOM: scenery: summon butterflies
  7853 | D:2      | Found a runed translucent door.
  7854 | D:2      | Noticed Crazy Yiuf
  8021 | D:2      | XOM is BORED!
  8215 | D:3      | Reached skill level 3 in Stealth
  8215 | D:3      | Reached XP level 5. HP: 29/37 MP: 5/5
  8341 | D:3      | Reached skill level 4 in Stealth
  8444 | D:3      | XOM: silly message
  8477 | D:3      | XOM: 7-stop teleportation journey
  8667 | D:3      | XOM: god gift: +0 rapier of chaos
  8669 | D:3      | XOM: god gift: scroll labelled OMYG RIEVOT {god gift}
  8721 | D:3      | Reached XP level 6. HP: 43/43 MP: 6/6
  8814 | D:3      | Found a glowing golden altar of the Shining One.
  8947 | D:4      | XOM: swap monsters
  8950 | D:4      | XOM: chaos upgrade
  8956 | D:4      | Reached skill level 5 in Stealth
  8957 | D:4      | Lost mutation: Your flesh is cold resistant. (rC+) [potion
                  | of mutation]
  8957 | D:4      | Lost mutation: You have a pair of small antennae on your
                  | head. [potion of mutation]
  8957 | D:4      | Gained mutation: You are somewhat resistant to further
                  | mutation. [potion of mutation]
  8957 | D:4      | Gained mutation: You possess an exceptional clarity of
                  | mind. [potion of mutation]
  9078 | D:4      | XOM: 2-stop teleportation journey
  9185 | D:4      | XOM: destruction
  9400 | D:4      | Reached skill level 6 in Stealth
  9400 | D:4      | Reached XP level 7. HP: 32/48 MP: 7/7
  9779 | D:4      | XOM: give mutations
  9779 | D:4      | Gained mutation: You have a pair of small antennae on your
                  | head. [Xom's grace]
  9779 | D:4      | Gained mutation: You are partially covered in iridescent
                  | scales. (AC +2) [Xom's grace]
  9779 | D:4      | Gained mutation: You are agile. (Dex +4, Str/Int -1) [Xom's
                  | grace]
 10043 | D:5      | Entered Level 5 of the Dungeon
 10043 | D:5      | XOM: 1-stop teleportation journey
 10057 | D:5      | XOM: fog
 10118 | D:5      | XOM: summons 4 hostile demons
 10328 | D:5      | Reached skill level 7 in Stealth
 10329 | D:5      | XOM: summons friendly ufetubus
 10331 | D:5      | XOM: scenery: summon butterflies
 10335 | D:5      | XOM: noise
 10345 | D:5      | Reached skill level 5 in Short Blades
 10377 | D:4      | XOM: summons 4 hostile demons
 10453 | D:5      | Identified the ring "Epsid" {Ice rPois Will+ Str+3 Stlth+}
 10460 | D:5      | XOM: 4-stop teleportation journey
 10628 | D:5      | Reached XP level 8. HP: 54/54 MP: 8/8
 10629 | D:5      | Found an iron altar of Okawaru.
 10765 | D:5      | Found a faded altar of an unknown god.
 10772 | D:5      | Got a leatherbound book
 10854 | D:5      | XOM: give mutations
 10854 | D:5      | Lost mutation: You are partially covered in iridescent
                  | scales. (AC +2) [Xom's mischief]
 10854 | D:5      | Gained mutation: You are partially covered in iridescent
                  | scales. (AC +2) [Xom's mischief]
 10854 | D:5      | Gained mutation: You are somewhat resistant to both further
                  | mutation and mutation removal. [Xom's mischief]
 10854 | D:5      | Gained mutation: You are dopey. (Int -2) [Xom's mischief]
 10870 | D:5      | XOM: summons 3 hostile demons
 10886 | D:5      | XOM: polymorph white imp -> quasit
 10923 | D:5      | Reached skill level 8 in Stealth
 10945 | D:5      | XOM: summons friendly ufetubus
 11059 | D:5      | XOM: summons 5 hostile demons
 11060 | D:5      | Noticed a hellwing
 11158 | D:5      | XOM: god gift: wand of charming (4)
 11277 | D:6      | Found an ancient bone altar of Kikubaaqudgha.
 11278 | D:6      | XOM: noise
 11294 | D:6      | Reached skill level 5 in Fighting
 11417 | D:6      | Reached skill level 1 in Evocations
 11417 | D:6      | Found The Oracle's Delphic Readings.
 11423 | D:6      | Bought a scroll of identify for 24 gold pieces
 11423 | D:6      | Bought a scroll of enchant weapon for 90 gold pieces
 11481 | D:6      | Found a sand-covered staircase.
 11483 | D:6      | XOM: potion effect (might)
 11497 | Ossuary  | Entered an ossuary
 11506 | Ossuary  | Reached skill level 1 in Shields
 11582 | Ossuary  | Reached XP level 9. HP: 48/61 MP: 9/9
 11699 | Ossuary  | XOM: silly message
 11795 | D:6      | Reached skill level 9 in Stealth
 12083 | D:6      | XOM: give mutations
 12083 | D:6      | Lost mutation: You have a pair of small antennae on your
                  | head. [Xom's mischief]
 12083 | D:6      | Lost mutation: You are partially covered in iridescent
                  | scales. (AC +2) [Xom's mischief]
 12257 | D:7      | Reached skill level 5 in Dodging
 12333 | D:7      | XOM: summons 1 hostile demon
 12348 | D:7      | Found a staircase to the Ecumenical Temple.
 12386 | D:7      | Found a sacrificial altar of Ru.
 12388 | D:7      | Found a radiant altar of Vehumet.
 12464 | D:7      | Noticed Duvessa
 12465 | D:7      | Noticed Dowan
 12469 | D:7      | XOM: fog
 12483 | D:7      | XOM: potion effect (heal wounds)
 12489 | D:7      | Killed Duvessa
 12499 | D:7      | XOM: god gift: twisted garnet amulet {god gift}
 12501 | D:7      | Killed Dowan
 12798 | D:7      | XOM: scenery: 1 doors close
 12884 | D:7      | XOM: god gift: dazzling long sword {god gift}
 12884 | D:7      | Identified the +5 long sword "Poegel" {chaos, *Corrode
                  | Int-2 Dex+8 Stlth+} (Xom gifted it to you on level 7 of the
                  | Dungeon)
 13094 | D:7      | XOM: god gift: glaive {god gift}
 13253 | D:7      | XOM: god gift: 13 gold pieces
 13258 | D:8      | Noticed a two-headed ogre
 13261 | D:8      | Killed a two-headed ogre
 13262 | D:8      | Reached skill level 10 in Stealth
 13271 | D:8      | Found a stormy altar of Qazlal.
 13318 | D:8      | Found a shimmering altar of Xom.
 13320 | D:8      | Reached XP level 10. HP: 68/68 MP: 10/10
 13347 | D:8      | Noticed Amaemon
 13347 | D:8      | Noticed an orange demon
 13350 | D:8      | Killed Amaemon
 13351 | D:8      | Reached skill level 11 in Stealth
 13351 | D:8      | Reached skill level 5 in Evocations
 13354 | D:8      | Killed an orange demon
 13539 | D:8      | Found a staircase to the Lair.
 13540 | D:8      | Noticed a fire crab
 13546 | D:8      | Killed a fire crab
 13547 | D:8      | Reached skill level 12 in Stealth
 13798 | D:8      | Noticed a two-headed ogre
 13811 | D:8      | XOM: noise
 13816 | D:8      | Killed a two-headed ogre
 13998 | D:8      | Noticed Psyche
 14002 | D:8      | Noticed a cyclops
 14004 | D:8      | Noticed a two-headed ogre
 14066 | D:8      | Killed Psyche
 14127 | D:8      | Found a glowing silver altar of Zin.
 14139 | D:8      | Noticed a two-headed ogre
 14154 | D:8      | Killed a two-headed ogre
 14155 | D:8      | Reached skill level 13 in Stealth
 14393 | D:8      | Killed a two-headed ogre
 14394 | D:8      | Reached XP level 11. HP: 53/74 MP: 11/11
 14559 | D:8      | Found a shadowy altar of Dithmenos.
 14616 | D:9      | Found Leriesau's Jewellery Shoppe.
 15426 | D:10     | Entered Level 10 of the Dungeon
 15431 | D:10     | XOM: divination: detect items
 15439 | D:10     | XOM: fake destruction
 15441 | D:10     | XOM: polymorph yak -> raiju
 15448 | D:10     | XOM: divination: detect creatures
 15458 | D:10     | Reached skill level 14 in Stealth
 15459 | D:10     | XOM: cleaving
 15646 | D:10     | XOM: enchant monster (good)
 15824 | D:9      | XOM: silly message
 16043 | D:10     | Found a staircase to the Orcish Mines.
 16130 | D:10     | XOM: divination: detect items
 16614 | D:10     | Found a burning altar of Makhleb.
 16864 | D:10     | XOM: divination: magic mapping
 16927 | D:11     | XOM: silly message
 16997 | D:11     | Noticed a two-headed ogre
 17027 | D:11     | XOM: summons friendly white imp
 17035 | D:11     | Killed a two-headed ogre
 17212 | D:11     | XOM: destruction
 17216 | D:11     | XOM: silly message
 17402 | D:11     | You are sucked into a shaft and drop 2 floors!
 17428 | D:13     | Noticed a tengu warrior
 17443 | D:13     | Noticed a centaur warrior
 17444 | D:13     | Noticed a boulder beetle
 17460 | D:13     | Noticed a centaur warrior
 17470 | D:13     | XOM: cast spell 'Summon Horrible Things'
 17474 | D:13     | Killed a centaur warrior
 17480 | D:13     | Reached skill level 15 in Stealth
 17484 | D:13     | Reached XP level 12. HP: 33/81 MP: 10/12
 17507 | D:13     | Identified the scarf of Fallacy {repulsion, Harm Int+2
                  | Stlth+}
 17588 | D:13     | Noticed a tengu warrior
 17611 | D:12     | Noticed a two-headed ogre
 17615 | D:12     | Killed a two-headed ogre
 17630 | D:12     | Reached skill level 5 in Shields
 17698 | D:12     | XOM: noise
 17711 | D:12     | XOM: 1-stop teleportation journey
 17722 | D:12     | Noticed a boulder beetle
 17749 | D:12     | Killed a boulder beetle
 18197 | D:11     | Noticed a two-headed ogre
 18199 | D:11     | Killed a two-headed ogre
 18339 | D:11     | Identified a scroll of acquirement
 18339 | D:11     | Acquired the +1 quick blade "Telyrch" {freeze, Str+6}
 18441 | Lair:1   | Entered Level 1 of the Lair of Beasts
 18620 | Lair:1   | XOM: 3-stop teleportation journey
 18661 | Lair:1   | XOM: noise
 18779 | Lair:1   | XOM: god gift: scroll of noise
 19015 | Lair:1   | Reached skill level 10 in Short Blades
 19015 | Lair:1   | Noticed Gastronok
 19025 | Lair:1   | Killed Gastronok
 19026 | Lair:1   | Reached skill level 16 in Stealth
 19105 | Lair:1   | XOM: god gift: 800 gold pieces
 19396 | D:1      | Bought an amulet of reflection for 330 gold pieces
 19430 | D:1      | XOM: give mutations
 19430 | D:1      | Gained mutation: Your muscles are strong. (Str +4, Int/Dex
                  | -1) [Xom's grace]
 19430 | D:1      | Gained mutation: You are partially covered in iridescent
                  | scales. (AC +2) [Xom's grace]
 19430 | D:1      | Gained mutation: You are robust. (+10% HP) [Xom's grace]
 19430 | D:1      | Gained mutation: You are strong-willed. (Will+) [Xom's
                  | grace]
 19583 | D:9      | Bought a granite talisman for 800 gold pieces
 19583 | D:9      | Bought a +5 ring of evasion for 360 gold pieces
 19594 | D:8      | XOM: divination: detect items
 19741 | Lair:1   | XOM: god gift: 12 gold pieces
 19835 | Lair:1   | XOM: cloud trail
 20171 | Lair:1   | XOM: give mutations
 20171 | Lair:1   | Lost mutation: You are dopey. (Int -2) [Xom's grace]
 20171 | Lair:1   | Gained mutation: Your flesh is cold resistant. (rC+) [Xom's
                  | grace]
 20171 | Lair:1   | Gained mutation: You are mostly covered in iridescent
                  | scales. (AC +4) [Xom's grace]
 20234 | Lair:2   | Reached skill level 1 in Shapeshifting
 20366 | Lair:2   | XOM: 1-stop teleportation journey
 20452 | Lair:2   | Reached XP level 13. HP: 96/96 MP: 13/13
 20543 | Lair:2   | XOM: divination: detect creatures
 20870 | Lair:2   | Found a staircase to the Shoals.
 20876 | Lair:2   | Reached skill level 17 in Stealth
 21060 | Lair:3   | Noticed Josephine
 21075 | Lair:3   | Killed Josephine
 21371 | Lair:3   | Found a staircase to the Snake Pit.
 21404 | Lair:3   | XOM: noise
 21416 | Lair:3   | Noticed Nessos
 21424 | Lair:3   | XOM: fog
 21426 | Lair:3   | Killed Nessos
 21498 | Lair:3   | XOM: summons 2 hostile demons
 21518 | Lair:3   | XOM: cast spell 'Discord'
 21536 | Lair:3   | Reached skill level 10 in Evocations
 21549 | Lair:3   | XOM: enchant monster (good)
 21686 | Lair:3   | XOM: polymorph water moccasin -> bullfrog
 21855 | Lair:3   | XOM: scenery: summon butterflies
 22094 | Lair:3   | XOM: give mutation
 22094 | Lair:3   | Lost mutation: You are strong-willed. (Will+) [Xom's
                  | mischief]
 22369 | Lair:3   | XOM: noise
 22420 | Lair:4   | XOM: give mutation
 22420 | Lair:4   | Lost mutation: Your muscles are strong. (Str +4, Int/Dex
                  | -1) [Xom's mischief]
 22533 | Lair:4   | Found a viscous altar of Jiyva.
 22533 | Lair:4   | Found a staircase to the Slime Pits.
 22597 | Lair:4   | XOM: divination: detect items
 23149 | Lair:4   | Reached XP level 14. HP: 104/104 MP: 14/14
 23149 | Lair:4   | XOM: god gift: potion of curing
 23356 | Lair:4   | XOM: polymorph oklob plant -> oklob plant
 23486 | Lair:4   | XOM: scenery: summon butterflies
 23522 | Lair:5   | Entered Level 5 of the Lair of Beasts
 23524 | Lair:5   | XOM: 8-stop teleportation journey
 23595 | Lair:5   | Found a runed translucent gate.
 23599 | Lair:5   | Found a runed translucent gate.
 23599 | Lair:5   | Found a runed translucent gate.
 23908 | Lair:5   | XOM: enchant monster (good)
 23928 | Lair:5   | XOM: cast spell 'Chain of Chaos'
 23958 | Lair:5   | Reached skill level 18 in Stealth
 24367 | Lair:5   | XOM: 1-stop teleportation journey
 24368 | Lair:5   | Identified the +15 plate armour of Modesty {Will+ rCorr}
 24397 | Lair:5   | Reached skill level 5 in Shapeshifting
 24408 | Lair:5   | XOM: cast spell 'Alistair's Intoxication'
 24409 | Lair:5   | XOM: polymorph cane toad -> glowing shapeshifter
 24415 | Lair:5   | XOM: scenery: summon butterflies
 24472 | Lair:5   | XOM: silly message
 24621 | Lair:5   | XOM: summons friendly iron imp
 24640 | Lair:5   | XOM: silly message
 24642 | Lair:5   | XOM: divination: detect creatures
 24648 | Lair:5   | XOM: chaos cloud
 25021 | Lair:5   | XOM: noise
 25027 | Lair:5   | XOM: potion effect (curing)
 25031 | Lair:5   | XOM: potion effect (heal wounds)
 25093 | Lair:5   | XOM: smoke on damage
 25139 | Lair:4   | XOM: silly message
 25148 | Lair:4   | XOM: silly message
 25267 | Lair:5   | XOM: silly message
 25280 | Lair:5   | XOM: divination: magic mapping
 25285 | Lair:5   | XOM: potion effect (invisibility)
 25286 | Lair:5   | XOM: divination: detect creatures
 25302 | Lair:5   | Learned a level 2 spell: Blink
 25457 | Lair:5   | Noticed GigaChad's ghost (journeyman KoFi)
 25519 | Lair:5   | XOM: fog
 25670 | Lair:5   | XOM: confuse monster(s)
 25844 | D:9      | XOM: god gift: staff of poison
 25887 | Orc:1    | Entered Level 1 of the Orcish Mines
 25932 | Orc:2    | Entered Level 2 of the Orcish Mines
 25932 | Orc:2    | Found a staircase to the Elven Halls.
 25932 | Orc:2    | Found Ucuitel's Book Boutique.
 25932 | Orc:2    | Found Willos Kimov's Antique Armour Shop.
 26537 | Orc:1    | XOM: enchant monster (good)
 26936 | Orc:2    | Found Nithring's General Store.
 26943 | Orc:2    | XOM: god gift: pair of gloves {god gift}
 26964 | Orc:1    | XOM: enchant monster (good)
 27084 | Orc:2    | Bought a potion of might for 44 gold pieces
 27185 | Orc:2    | XOM: confuse monster(s)
 27248 | Orc:2    | XOM: polymorph orc sorcerer -> shapeshifter
 27423 | Orc:2    | Found Midockuh's Antique Weapon Boutique.
 27423 | Orc:2    | Noticed an orc warlord
 27493 | Orc:2    | Reached XP level 15. HP: 111/111 MP: 15/15
 27545 | Orc:2    | XOM: summons 11 friendly demons
 27554 | Orc:2    | XOM: summons 2 hostile shadow creatures
 27635 | Orc:2    | XOM: stat loss: -1 Int (22/23)
 27657 | Orc:2    | Killed an orc warlord
 27820 | Orc:2    | XOM: cleaving
 28456 | D:12     | XOM: god gift: wand of mindburst (3)
 28699 | D:12     | XOM: give mutations
 28699 | D:12     | Lost mutation: You possess an exceptional clarity of mind.
                  | [Xom's mischief]
 28699 | D:12     | Gained mutation: One of your tentacles bears a spike.
                  | [Xom's mischief]
 28699 | D:12     | Lost mutation: One of your tentacles bears a spike. [Xom's
                  | mischief]
 28728 | D:12     | XOM: give mutations
 28728 | D:12     | Gained mutation: Your flesh is heat resistant. (rF+) [Xom's
                  | grace]
 28728 | D:12     | Gained mutation: Your flesh is very heat resistant. (rF++)
                  | [Xom's grace]
 28868 | D:12     | XOM: cloud trail
 29217 | D:13     | Found a runed translucent gate.
 29217 | D:13     | Found a runed translucent gate.
 29219 | D:13     | XOM: scenery: 2 doors open, 2 doors close
 29220 | D:13     | Noticed Ithuta Obua's ghost (journeyman MiBe)
 29228 | D:13     | XOM: confuse monster(s)
 29327 | D:13     | Found a transporter.
 29329 | D:13     | Found a transporter.
 29357 | D:13     | XOM: 2-stop teleportation journey
 29410 | D:13     | XOM: scenery: 1 doors open, 1 doors close
 29713 | D:13     | XOM: summons friendly crimson imp
 29716 | D:13     | XOM: noise
 30095 | Snake:1  | Entered Level 1 of the Snake Pit
 30095 | Snake:1  | Found a flickering gateway to a bazaar.
 30101 | Snake:1  | XOM: divination: detect items
 30108 | Bazaar   | Entered a bazaar
 30122 | Bazaar   | Found Zerom's Antique Weapon Shoppe.
 30122 | Bazaar   | Found Enyraim's Jewellery Emporium.
 30127 | Bazaar   | Bought a +5 ring of evasion for 468 gold pieces
 30265 | Bazaar   | Found Geaxuek's Weapon Shoppe.
 30265 | Bazaar   | Found Wiuvan's Antique Weapon Emporium.
 30287 | Bazaar   | Found Xezam's Magic Scroll Shoppe.
 30287 | Bazaar   | Found Puodesi's Antique Armour Emporium.
 30298 | Bazaar   | Bought a scroll of teleportation for 27 gold pieces
 30298 | Bazaar   | Bought a scroll of enchant weapon for 67 gold pieces
 30298 | Bazaar   | Bought a scroll of enchant armour for 67 gold pieces
 30298 | Bazaar   | Bought a scroll of teleportation for 27 gold pieces
 30298 | Bazaar   | Bought a scroll of fear for 36 gold pieces
 30323 | Snake:1  | XOM: snakes to sticks
 30350 | Snake:1  | XOM: scenery: summon butterflies
 30353 | Snake:1  | XOM: summons friendly white imp
 30358 | Snake:1  | XOM: fake destruction
 30361 | Snake:1  | Reached skill level 10 in Shields
 30361 | Snake:1  | XOM: cleaving
 30537 | Snake:1  | XOM: 2-stop teleportation journey
 30543 | Snake:1  | XOM: potion effect (haste)
 30826 | Snake:1  | Reached skill level 10 in Dodging
 30841 | Snake:1  | Reached skill level 10 in Fighting
 30855 | Snake:1  | XOM: give mutations
 30855 | Snake:1  | Gained mutation: Your mind is acute. (Int +4, Str/Dex -1)
                  | [Xom's grace]
 30855 | Snake:1  | Gained mutation: Your mind is very acute. (Int +8, Str/Dex
                  | -2) [Xom's grace]
 30855 | Snake:1  | Gained mutation: Your spells are a little harder to cast,
                  | but a little more powerful. [Xom's grace]
 31002 | Snake:1  | XOM: stat loss: -1 Dex (20/21)
 31096 | Snake:1  | XOM: summons 2 hostile shadow creatures
 31285 | Snake:1  | XOM: cloud trail
 31390 | Snake:1  | XOM: god gift: +0 hat
 31420 | Snake:2  | XOM: cast spell 'Monstrous Menagerie'
 31649 | Snake:1  | XOM: scenery: create altars
 31804 | Snake:2  | XOM: give mutations
 31804 | Snake:2  | Lost mutation: You are somewhat resistant to both further
                  | mutation and mutation removal. [Xom's grace]
 31804 | Snake:2  | Lost mutation: You are somewhat resistant to further
                  | mutation. [Xom's grace]
 31804 | Snake:2  | Gained mutation: You have hidden genetic potential. [Xom's
                  | grace]
 31804 | Snake:2  | Gained mutation: Your flesh is almost immune to the effects
                  | of heat. (rF+++) [Xom's grace]
 31804 | Snake:2  | Gained mutation: Your skin blends seamlessly with your
                  | surroundings (Stealth++). [Xom's grace]
 31820 | Snake:2  | XOM: summons 11 friendly demons
 31824 | Snake:2  | XOM: summons 7 friendly demons
 31829 | Snake:2  | XOM: divination: detect items
 31832 | Snake:2  | XOM: potion effect (haste)
 31915 | Snake:1  | XOM: scenery: summon butterflies
 31922 | Snake:1  | XOM: enchant monster (good)
 32514 | Snake:2  | XOM: scenery: summon butterflies
 32625 | Snake:2  | XOM: 1-stop teleportation journey
 32652 | Snake:2  | XOM: give mutation
 32652 | Snake:2  | Gained mutation: You passively dampen the noise of your
                  | surroundings. [Xom's grace]
 32659 | Snake:2  | Reached XP level 16. HP: 106/119 MP: 16/16
 32820 | Snake:2  | XOM: divination: magic mapping
 33106 | Snake:3  | XOM: summons friendly crimson imp
 33124 | Snake:3  | Noticed a nagaraja
 33130 | Snake:3  | XOM: confuse monster(s)
 33140 | Snake:3  | Killed a nagaraja
 33153 | Snake:3  | Noticed Vashnia
 33609 | Snake:3  | XOM: silly message
 33825 | Snake:3  | XOM: cleaving
 33842 | Snake:3  | XOM: 1-stop teleportation journey
 33873 | Snake:3  | XOM: summons 12 friendly demons
 33875 | Snake:3  | XOM: swap monsters
 33876 | Snake:3  | XOM: confusion
 34150 | Lair:3   | XOM: give mutations
 34150 | Lair:3   | Lost mutation: You have hidden genetic potential. [Xom's
                  | mischief]
 34150 | Lair:3   | Lost mutation: A frigid envelope surrounds you and freezes
                  | all who hurt you. [Xom's mischief]
 34150 | Lair:3   | Lost mutation: Your flesh is almost immune to the effects
                  | of heat. (rF+++) [Xom's mischief]
 34150 | Lair:3   | Lost mutation: You passively dampen the noise of your
                  | surroundings. [Xom's mischief]
 34329 | D:13     | XOM: blink monster(s)
 34382 | D:13     | Identified the +1 leather armour of Cupac {+Inv rC+ rCorr
                  | Stlth-}
 34410 | D:13     | Found a gate to the Vaults.
 34479 | D:13     | XOM: 1-stop teleportation journey
 34556 | D:13     | Found a transporter.
 34560 | D:13     | Found a transporter.
 34621 | D:13     | Found a transporter.
 34625 | D:13     | Found a transporter.
 34993 | D:14     | XOM: stealth player
 35165 | D:14     | XOM: 1-stop teleportation journey
 35429 | D:13     | XOM: repel stairs
 35685 | D:14     | XOM: scenery: summon butterflies
 35729 | D:14     | XOM: blink monster(s)
 35800 | D:13     | XOM: torment (48/121 hp)
 36040 | D:13     | XOM: give mutations
 36040 | D:13     | Lost mutation: Your mind is very acute. (Int +8, Str/Dex
                  | -2) [Xom's mischief]
 36040 | D:13     | Lost mutation: You are robust. (+10% HP) [Xom's mischief]
 36380 | D:14     | Noticed Jorgrun
 36390 | D:14     | Killed Jorgrun
 36553 | D:15     | Entered Level 15 of the Dungeon
 36754 | D:15     | XOM: swap monsters
 36772 | D:15     | XOM: confusion (+ monsters)
 37066 | Elf:1    | Entered Level 1 of the Elven Halls
 37153 | Elf:1    | XOM: silly message
 37384 | Elf:1    | XOM: silly message
 37413 | Elf:1    | Found Moets's Assorted Antiques.
 37419 | Elf:1    | Noticed Roxanne
 37462 | Elf:1    | XOM: swap monsters
 37479 | Elf:1    | Killed Roxanne
 37486 | Elf:1    | Bought a scroll of teleportation for 93 gold pieces
 37610 | Elf:1    | XOM: butterfly on damage
 37611 | Elf:1    | XOM: noise
 37770 | Elf:1    | XOM: summons 2 hostile shadow creatures
 37785 | Elf:1    | XOM: summons 1 hostile demon
 37802 | Elf:1    | XOM: 8-stop teleportation journey
 37990 | Elf:1    | XOM: silly message
 38077 | Elf:1    | XOM: summons friendly white imp
 38106 | Elf:1    | XOM: stat loss: -1 Str (17/18)
 38341 | Elf:1    | Noticed Kirke
 38348 | Elf:1    | Kirke changed into Kirke the alligator snapping turtle
 38348 | Elf:1    | Noticed Kirke
 38348 | Elf:1    | XOM: polymorph Kirke -> Kirke the alligator snapping turtle
 38352 | Elf:1    | XOM: summons friendly shadow imp
 38376 | Elf:1    | XOM: polymorph shadow imp -> cerulean imp
 38402 | Elf:1    | Killed Kirke the alligator snapping turtle
 38418 | Elf:1    | XOM: summons friendly shadow imp
 38426 | Elf:1    | XOM: silly message
 38446 | Elf:1    | XOM: enchant monster (good)
 38449 | Elf:1    | Reached XP level 17. HP: 95/116 MP: 17/17
 38466 | Elf:1    | XOM: fake destruction
 38510 | Elf:1    | XOM: give mutations
 38510 | Elf:1    | Gained mutation: One of your tentacles bears a spike.
                  | [Xom's grace]
 38510 | Elf:1    | Gained mutation: You are completely covered in iridescent
                  | scales. (AC +6) [Xom's grace]
 38510 | Elf:1    | Gained mutation: You have supernaturally acute eyesight.
                  | (SInv) [Xom's grace]
 38510 | Elf:1    | Gained mutation: A frigid envelope surrounds you and
                  | freezes all who hurt you. [Xom's grace]
 38620 | Elf:1    | Got an exquisite book
 38652 | Elf:1    | XOM: give mutation
 38652 | Elf:1    | Lost mutation: Your skin blends seamlessly with your
                  | surroundings (Stealth++). [Xom's mischief]
 38855 | Elf:2    | Found a crumbling gateway.
 38883 | Elf:2    | XOM: stat loss: -1 Str (17/18)
 38968 | Elf:2    | XOM: blink monster(s)
 38994 | Elf:2    | Found a runed translucent gate.
 38994 | Elf:2    | Found a runed translucent gate.
 38994 | Elf:2    | Found a runed translucent gate.
 39056 | Elf:2    | Found a transporter.
 39056 | Elf:2    | Noticed Icanweding's ghost (adept DsGl)
 39071 | Elf:2    | Found Waqaojox's Armour Emporium.
 39188 | Elf:2    | Found a transporter.
 39295 | Elf:2    | Identified the +6 plate armour of a Gauntlet {rElec}
 39426 | Elf:2    | XOM: summons 8 friendly demons
 39871 | Elf:2    | Upgraded the game from 0.31-a0-868-g674d60d6f7 to
                  | 0.31-a0-875-g02e7d12df6
 40144 | D:15     | Found a staircase to the Depths.
 40490 | Snake:2  | XOM: chaos cloud
 40533 | Snake:3  | Noticed Mara
 40533 | Snake:3  | XOM: 6-stop teleportation journey
 40567 | Snake:3  | Noticed Azrael
 40584 | Snake:3  | XOM: confusion (+ monsters)
 40682 | Snake:3  | XOM: chaos upgrade
 40683 | Snake:3  | XOM: enchant monster (bad)
 40850 | Snake:3  | XOM: summons 6 friendly demons
 40863 | Snake:3  | Noticed Xavori's illusion
 40886 | Snake:3  | Noticed Xavori's illusion
 40887 | Snake:3  | XOM: noise
 41185 | Snake:3  | XOM: enchant monster (good)
 41189 | Snake:3  | XOM: confuse monster(s)
 41191 | Snake:3  | XOM: divination: detect items
 41204 | Snake:3  | XOM: cast spell 'Leda's Liquefaction'
 41297 | Snake:3  | Killed Vashnia
 41575 | Snake:3  | XOM: noise
 41649 | Snake:3  | Killed Azrael
 41961 | Snake:3  | XOM: cloud trail
 42364 | Snake:3  | Noticed Xavori's illusion
 42368 | Snake:3  | XOM: confuse monster(s)
 42386 | Snake:3  | Killed Mara
 42520 | Snake:4  | Entered Level 4 of the Snake Pit
 42531 | Snake:4  | Reached skill level 10 in Shapeshifting
 42655 | Snake:4  | XOM: summons friendly crimson imp
 42693 | Snake:4  | XOM: enchant monster (good)
 42703 | Snake:4  | XOM: smoke on damage
 42719 | Snake:4  | Reached XP level 18. HP: 56/124 MP: 18/18
 42897 | Snake:3  | XOM: god gift: 15 gold pieces
 42976 | Snake:4  | XOM: summons 3 hostile demons
 43022 | Snake:4  | XOM: swap monsters
 43077 | Snake:4  | XOM: divination: magic mapping
 43085 | Snake:4  | XOM: fake destruction
 43087 | Snake:4  | XOM: cleaving
 43091 | Snake:4  | XOM: potion effect (haste)
 43108 | Snake:4  | XOM: enchant monster (good)
 43126 | Snake:4  | Slain by a naga

Illustrated notes

Levels and vault maps discovered:
D:1:      evilmike_arrival_rings, layout_basic, serial_shops, shop,
          minmay_tiny_reverse_x
D:2:      layout_loops_cross, basic_ecumenical_altar, basic_altar,
          nicolae_concentric_dashed_squares_wild, minmay_lizard_pond,
          uniq_robin, uniq_crazy_yiuf_cottage, uniq_jessica
D:3:      layout_loops_ring, tso_altar, minmay_statues_item,
          chequers_serial_rivers_micro_b
D:4:      layout_loops_corners, chequers_big_river, nrook_campfire,
          hellmonk_no_cap
D:5:      layout_cave_pools, marbit_many_paths, serial_column_ruins,
          column_ruins_temple_circle, column_ruins_open_tiny,
          column_ruins_corridor_water, column_ruins_open_small, kennysheep_donut
D:6:      layout_rooms, mainiacjoe_overflow_brackets,
          nicolae_ossuary_entry_monument, serial_bayou_ford_a,
          nicolae_nh_oracle_at_delphi
D:7:      layout_gridville, nicolae_overflow_squiral,
          minmay_temple_entry_overgrown, minmay_misc_feat_enclosed, uniq_duvessa
D:8:      layout_loops_cross, mainiacjoe_overflow_swirl, minmay_lair_entry_lava,
          hangedman_feature_mirror, hellmonk_guarded_unrand_dark_maul,
          uniq_amaemon, uniq_psyche
D:9:      layout_irregular_city, serial_shops, nicolae_stop_n_shop_1
D:10:     layout_loops_ring, lightli_temple_of_fire, orc_0_dummy
D:11:     layout_rooms, serial_bayou, serial_bayou_lagoon_a,
          serial_bayou_shore_b, serial_bayou_crossing, serial_bayou_pond_a,
          serial_bayou_pond_c, serial_bayou_shore_b, nicolae_lava_and_water
D:12:     layout_irregular_city, minivault_20, minmay_liquid_box
D:13:     layout_gridville, hellmonk_vaults_order_and_chaos,
          maelrawn_ghost_gauntlet_escape, minivault_1, serial_nicolae_subway,
          nicolae_sub_station_metal, nicolae_sub_station_stone,
          nicolae_sub_station_crystal
D:14:     layout_layer_cave, roderic_lattice_octagonal_star, uniq_jorgrun
D:15:     grunt_enter_depths_snipers, layout_rooms
Lair:1:   layout_cave_pods, patterned_corridor, uniq_gastronok
Lair:2:   layout_cellular_growth, minmay_shoals_entry_hut,
          chequers_serial_rivers_micro_e, infiniplex_staircase_pool_2
Lair:3:   layout_cave_pods, minmay_snake_entry_six_corridors, uniq_josephine,
          uniq_nessos
Lair:4:   layout_loops_ring, slime_entry_1, disabler_island, grunt_megastairs_5
Lair:5:   guppyfry_lair_end_dragon, layout_layer_cave,
          hangedman_lair_tendril_chambers, ebering_ghost_rock_garden
Snake:1:  layout_onion, serial_shops, bzr_entry_water, lemuel_fruit_tree
Snake:2:  layout_rooms, library_closet, grunt_megastairs_3
Snake:3:  layout_cave_town, uniq_vashnia, uniq_mara, uniq_azrael
Snake:4:  grunt_snake_rune_spirals, layout_onion, serial_bayou_shore_a
Orc:1:    cheibrodos_orc_bank, layout_diamond_mine, basic_altar
Orc:2:    grunt_orc_gardens, layout_caves, grunt_orc_garden, grunt_orc_garden,
          grunt_orc_garden, grunt_orc_garden
Elf:1:    eino_elf_arrival_the_gate, layout_onion_city, serial_shops,
          nicolae_diamond_shop, minmay_elf_necromancy, uniq_kirke, uniq_roxanne
Elf:2:    elven_hall_of_blades_hangedman_original
          [nicolae_blade_entry_hurt_lockers], layout_geoelf_grid, serial_shops,
          shop, portal_desolation_entry_nicolae_menacing_earthworks,
          gammafunk_ghost_arena, fake_guardian_serpent_vault

Skill      XL: |  1  2  3  4  5  6  7  8  9 10 11 12 13 14 15 16 17 |
---------------+----------------------------------------------------+-----
Stealth        | 2 3 4 6 7 8 10 13 15 16 17 18 | 18.8
Axes           | 1 |  1.5
Dodging        | 3 4 5 6 7 8 9 10 11 12 | 12.3
Fighting       | 4 5 6 7 8 9 10 11 | 11.8
Short Blades   | 4 5 6 7 8 9 10 11 12 13 14 | 14.6
Evocations     | 2 4 6 7 9 10 11 | 11.7
Shields        | 1 2 3 4 5 7 9 10 12 13 | 13.8
Shapeshifting  | 1 4 5 7 8 10 | 10.5

Action                     |  1- 3 |  4- 6 |  7- 9 | 10-12 | 13-15 | 16-18 || total
---------------------------+-------+-------+-------+-------+-------+-------++-------
  Melee: Short sword       |    54 |     4 |       |       |       |       ||    58
         Tentacles         |    13 |    29 |   103 |   143 |   822 |   850 ||  1960
         Constrict         |    13 |    24 |    69 |    25 |   153 |   114 ||   398
         Executioner's axe |     7 |    13 |       |       |       |       ||    20
         Dagger            |       |   111 |   318 |   289 |       |       ||   718
         Punch             |       |     1 |     3 |     8 |    54 |    47 ||   113
         Quick blade       |       |       |       |   148 |  2225 |  2125 ||  4498
         Kick              |       |       |       |       |       |   502 ||   502
  Evoke: Wand              |       |       |       |    18 |     9 |     8 ||    35
    Use: Scroll            |       |     1 |     9 |     6 |    10 |    10 ||    36
         Potion            |       |     4 |       |     1 |     2 |     3 ||    10
   Stab: Sleeping          |     4 |     9 |    23 |    44 |    45 |    44 ||   169
         Distracted        |       |     1 |     2 |     1 |     8 |     9 ||    21
         Confused          |       |     1 |       |       |     5 |     9 ||    15
         Invisible         |       |       |       |       |     3 |       ||     3
         Petrifying        |       |       |       |       |     2 |       ||     2
         Fleeing           |       |       |       |       |     2 |       ||     2
         Paralysed         |       |       |       |       |       |     1 ||     1
 Armour: Skin              |    21 |    43 |    94 |   139 |   291 |   199 ||   787
  Dodge: Dodged            |    38 |    73 |   130 |   113 |   552 |   447 ||  1353
  Block: Kite shield       |       |       |    49 |   108 |   846 |   695 ||  1698
         Reflection        |       |       |       |       |    51 |    78 ||   129

Table legend: (Time is in decaauts)
 A = Elapsed time spent in this place.
 B = Non-inter-level travel time spent in this place.
 C = Inter-level travel time spent in this place.
 D = Time resting spent in this place.
 E = Time spent auto-exploring this place.
 F = Levels seen in this place.
 G = Mean time per level.
                   A        B        C        D        E       F      G
               +--------+--------+--------+--------+--------+-----+--------+
         Total |  42109 |  39541 |   2568 |  15015 |  17882 |  30 | 1403.6 |
       Dungeon |  23220 |  21619 |   1601 |   9255 |   9620 |  15 | 1548.0 |
          Lair |   7114 |   6552 |    562 |   1543 |   3553 |   5 | 1422.8 |
     Snake Pit |   6216 |   6045 |    171 |   2920 |   1824 |   4 | 1554.0 |
  Orcish Mines |   2372 |   2218 |    154 |    770 |    933 |   2 | 1186.0 |
   Elven Halls |   2732 |   2653 |     79 |    435 |   1682 |   2 | 1366.0 |
        Bazaar |    213 |    213 |      0 |      0 |    188 |   1 |  213.0 |
       Ossuary |    239 |    239 |      0 |     91 |     82 |   1 |  239.0 |
               +--------+--------+--------+--------+--------+-----+--------+

Top non-repeatable levels by time:
     D:1: 6474 daAuts
 Snake:2: 2264 daAuts
    D:13: 1921 daAuts
  Lair:4: 1816 daAuts
     D:2: 1806 daAuts
 Snake:3: 1790 daAuts
 Snake:1: 1780 daAuts
   Elf:1: 1661 daAuts
     D:8: 1547 daAuts
  Lair:1: 1502 daAuts
  Lair:3: 1466 daAuts
  Lair:5: 1401 daAuts
   Orc:1: 1395 daAuts
     D:9: 1392 daAuts
    D:12: 1385 daAuts
